 Dungeon Crawl Stone Soup version 0.26-a0-651-gb41185065b (webtiles) character file.

Game seed: 12052736075717719821

259 Ozzies the Skirmisher (level 6, -9/44 HPs)
             Began as a Gargoyle Fighter on Oct 7, 2020.
             Mangled by an orc warrior
             ... wielding a +0 mace
              (12 damage)
             ... on level 6 of the Dungeon.
             The game lasted 00:03:52 (3420 turns).

Ozzies the Skirmisher (Gargoyle Fighter)            Turns: 3420, Time: 00:03:52

Health: -9/44      AC: 11    Str: 22    XL:     6   Next: 17%
Magic:  6/6        EV:  7    Int:  8    God:
Gold:   282        SH:  9    Dex:  9    Spells: 5/5 levels left

rFire    . . .     SeeInvis .   a - +0 flail
rCold    . . .     Faith    .   c - +0 kite shield
rNeg     + . .     Spirit   .   b - +0 scale mail
rPois    ∞         Reflect  .   (no helmet)
rElec    +         Harm     .   (no cloak)
rCorr    .         Rampage  .   (no gloves)
MR       .....                  (no boots)
Stlth    ..........             (no amulet)
HPRegen  0.14/turn              (no ring)
MPRegen  0.10/turn              (no ring)

@: no status effects
A: negative energy resistance 1, electricity resistance, unbreathing,
petrification resistance, rot immunity, AC +4
a: no special abilities


You were on level 6 of the Dungeon.
You visited 1 branch of the dungeon, and saw 6 of its levels.

You collected 282 gold pieces.

Inventory:

Hand Weapons
 a - a +0 flail (weapon)
Missiles
 e - 61 stones (quivered)
Armour
 b - a +0 scale mail (worn)
 c - a +0 kite shield (worn)
 x - a +0 plate armour
 y - a +0 pair of gloves
 z - a +0 helmet
Jewellery
 q - an uncursed ring of wizardry {unknown}
 w - an uncursed ring of positive energy {unknown}
Wands
 u - a wand of iceblast (4)
Scrolls
 f - 6 scrolls of magic mapping {unknown}
 g - a scroll of amnesia {unknown}
 h - 10 scrolls of identify {unknown}
 j - a scroll of fear {unknown}
 l - a scroll of enchant weapon {unknown}
 m - 4 scrolls of remove curse {unknown}
 p - 4 scrolls of teleportation {unknown}
Potions
 d - 2 potions of might {@q3 !q}
 i - a potion of magic {unknown}
 k - a potion of stabbing {unknown}
 n - a potion of curing {unknown}
 o - 2 potions of brilliance {unknown}
 r - a potion of degeneration {unknown}
 s - a potion of haste {unknown}
 t - 2 potions of flight {unknown}
 v - 3 potions of heal wounds {unknown}


   Skills:
 + Level 7.4 Fighting
 - Level 2.0 Maces & Flails
 - Level 3.2 Armour
 - Level 3.2 Shields


You had 5 spell levels left.
You didn't know any spells.
Your spell library contained the following spells:

 Spells                   Type           Power        Failure   Level
 Summon Small Mammal      Summ           #...         99%         1
 Call Imp                 Summ           #.......     100%        2
 Call Canine Familiar     Summ           #.......     100%        3
 Summon Guardian Golem    Hex/Summ       #.......     100%        3
 Summon Ice Beast         Ice/Summ       #.......     100%        4
 Summon Lightning Spire   Summ/Air       #.......     100%        4


Dungeon Overview and Level Annotations

Branches:
Dungeon (6/15)
 Temple: D:4-7

Altars:
Vehumet


Innate Abilities, Weirdness & Mutations

You are resistant to torment.
Your stone body is resilient. (AC +4)
You are immune to poison.
You resist negative energy. (rN+)
You are resistant to electric shocks. (rElec)
You can survive without breathing.
You are immune to petrification.
You are immune to rotting.


Message History

Search for what [Enter for "."]? alt You can't go down here!
(D) Dungeon
Where to? (Enter - D:4, ? - help)
You see here a runed hunting sling.
There is a stone staircase leading down here.
You climb downwards.
Found a lumpy yellow potion.
There is a stone staircase leading up here.
Found a stone staircase leading down.
v - 3 lumpy yellow potions (gained 1)
An ooze comes into view.
The ooze quivers.
An ooze is nearby!
An ooze is nearby!
An ooze is nearby!
An ooze is nearby!
There is a stone staircase leading down here.
You block the ooze's attack.
You thump the ooze!
The ooze is severely wounded.
The ooze hits you but does no damage.
You thump the ooze!
You kill the ooze!
No target in view!
No target in view!
No target in view!
No target in view!
No target in view!
No target in view!
No target in view!
No target in view!
No target in view!
No target in view!
No target in view!
No target in view!
No target in view!
(D) Dungeon
Where to? (Enter - D:5, ? - help)
There is a stone staircase leading down here.
You climb downwards.
You hear the hiss of flowing sand.
There is an entrance to an ossuary on this level.
Hurry and find it before the portal is buried! 2 orcs and an orc warrior come into view.
The orc warrior shouts!
The orc shouts! x2
There is a stone staircase leading up here.
You block the orc's attack.
You barely miss the orc. The orc hits you but does no damage.
You closely miss the orc. You block the orc's attack.
You sock the orc warrior!
The orc warrior is moderately wounded.
You thump the orc!
You kill the orc!
The orc warrior hits you but does no damage.
You block the orc's attack.
Your scale mail prevents you from hitting the orc.
You block the orc warrior's attack. You block the orc's attack.
You hit the orc.
The orc is lightly wounded.
The orc warrior hits you but does no damage.
The orc barely misses you.
You hit the orc.
The orc is moderately wounded.
The orc warrior hits you with a +0 mace.
The orc barely misses you. You block the orc warrior's attack.
You barely miss the orc.
The orc is moderately wounded.
You block the orc's attack.
The orc warrior hits you with a +0 mace.
The orc hits you but does no damage.
You closely miss the orc.
The orc is moderately wounded.
The orc warrior hits you but does no damage.
The orc hits you but does no damage.
You closely miss the orc warrior.
The orc warrior is moderately wounded.
The orc warrior hits you with a +0 mace.
The orc hits you but does no damage.
You sock the orc warrior!
The orc warrior is heavily wounded.
You block the orc warrior's attack. The orc barely misses you.
You closely miss the orc warrior.
The orc warrior is heavily wounded.
The orc warrior hits you with a +0 mace!
You block the orc's attack.
You hit the orc warrior.
The orc warrior is severely wounded.
You block the orc warrior's attack. You block the orc's attack.
The orc warrior hits you with a +0 mace!
* * * LOW HITPOINT WARNING * * *
You barely miss the orc warrior.
The orc warrior is severely wounded.
The orc completely misses you.
The orc warrior hits you but does no damage.
The orc hits you with a +0 flail.
* * * LOW HITPOINT WARNING * * *
You hit the orc warrior.
The orc warrior is severely wounded.
The orc warrior hits you with a +0 mace!
You die...

######
#.§..####
#.≈≈.....
#.≈≈≈##
#o#≈≈≈#
###@o#
#..<.#
#......#
#.....##
#.....#
###....
.....
......
.......#


You could see an orc warrior and an orc.

Vanquished Creatures
  An orc priest (D:4)
  5 worker ants (D:4)
  A gnoll (D:1)
  5 adders
  An ooze (D:5)
  3 worms
  4 orcs
  A ball python (D:3)
  3 giant cockroaches
  6 goblins
  9 hobgoblins
  4 quokkas
  6 bats
  5 frilled lizards
  4 kobolds
  13 rats
71 creatures vanquished.

Vanquished Creatures (others)
  A giant cockroach (D:4)
1 creature vanquished.

Grand Total: 72 creatures vanquished

Notes
Turn   | Place    | Note
-------+----------+-------------------------------------------
     0 | D:1      | Ozzies the Gargoyle Fighter began the quest for the Orb.
     0 | D:1      | Reached XP level 1. HP: 14/14 MP: 1/1
   212 | D:1      | Reached XP level 2. HP: 20/20 MP: 2/2
   232 | D:1      | Reached skill level 4 in Fighting
   429 | D:1      | Reached XP level 3. HP: 21/24 MP: 3/3
   588 | D:1      | You fall into a shaft and drop 1 floor!
   966 | D:2      | Reached skill level 5 in Fighting
  1058 | D:2      | Reached XP level 4. HP: 31/31 MP: 4/4
  2433 | D:4      | Found a radiant altar of Vehumet.
  2459 | D:4      | Reached skill level 6 in Fighting
  2459 | D:4      | Reached XP level 5. HP: 32/36 MP: 5/5
  3001 | D:4      | Reached skill level 7 in Fighting
  3193 | D:4      | Reached XP level 6. HP: 40/44 MP: 6/6
  3383 | D:5      | Entered Level 5 of the Dungeon
  3401 | D:6      | Noticed an orc warrior
  3420 | D:6      | Mangled by an orc warrior

Illustrated notes

Levels and vault maps discovered:
D:1:      zaba_arrival_water, layout_loops_ring, moated_statue
D:2:      layout_rooms, minmay_tall_x
D:3:      layout_basic, minivault_14
D:4:      minmay_bubble_buster, layout_loops_ring, fiery_altar_vehumet
D:5:      layout_layer_cave, minmay_overflow_temple_hex, uniq_pikel
D:6:      layout_cave_pools, xom_confusion_cloud,
          nicolae_ossuary_entry_false_entrances, kennysheep_opposing_triangles,
          uniq_blork_the_orc, uniq_crazy_yiuf_cottage

Skill      XL: |  1  2  3  4  5 |
---------------+----------------+-----
Fighting       | 4 5 6 7 |  7.4
Maces & Flails | |  2.0
Armour         | |  3.2
Shields        | |  3.2

Action                   |  1- 3 |  4- 6 || total
-------------------------+-------+-------++-------
Melee: Flail             |   171 |   201 ||   372
Armor: Scale mail        |   105 |    83 ||   188
Dodge: Dodged            |    74 |    70 ||   144
Block: Kite shield       |    95 |   111 ||   206

Table legend: (Time is in decaauts)
 A = Elapsed time spent in this place.
 B = Non-inter-level travel time spent in this place.
 C = Inter-level travel time spent in this place.
 D = Time resting spent in this place.
 E = Time spent auto-exploring this place.
 F = Levels seen in this place.
 G = Mean time per level.
                   A        B        C        D        E       F      G
               +--------+--------+--------+--------+--------+-----+--------+
         Total |   3566 |   3435 |    131 |    109 |   2571 |   6 |  594.3 |
       Dungeon |   3566 |   3435 |    131 |    109 |   2571 |   6 |  594.3 |
               +--------+--------+--------+--------+--------+-----+--------+

Top non-repeatable levels by time:
     D:4: 1066 daAuts
     D:1: 944 daAuts
     D:3: 778 daAuts
     D:2: 733 daAuts
     D:6: 24 daAuts
     D:5: 18 daAuts
